 Dungeon Crawl Stone Soup version 0.22.1-1-ga44c0e56f4 (webtiles) character file.

261 StLion the Cudgeler (level 5, -2/53 HPs)
             Began as a Troll Fighter on Oct 17, 2018.
             Slain by Blork the orc
             ... wielding a cursed -1 war axe
              (7 damage)
             ... on level 4 of the Dungeon.
             The game lasted 00:22:21 (2125 turns).

StLion the Cudgeler (Troll Fighter)                 Turns: 2125, Time: 00:22:22

Health: -2/53      AC:  5    Str: 25    XL:     5   Next: 96%
Magic:  4/4        EV:  9    Int:  4    God:
Gold:   85         SH:  9    Dex: 12    Spells: 4/4 levels left

rFire    . . .     SeeInvis .   o - +3 flail
rCold    . . .     Gourm    +   c - +0 shield
rNeg     . . .     Faith    .   b - +0 robe
rPois    .         Spirit   .   (helmet restricted)
rElec    .         Reflect  .   (no cloak)
rCorr    .         Harm     .   (gloves unavailable)
MR       .....                  (boots unavailable)
Stlth    +.........             (no amulet)
HPRegen  0.57/turn              v - +3 ring of dexterity
MPRegen  0.09/turn              (no ring)

@: no status effects
A: large, unfitting armour, claws 3, fast metabolism 3, gourmand, regeneration
1, shaggy fur 1, tough skin 2
a: no special abilities


You were on level 4 of the Dungeon.
You were not hungry.

You visited 1 branch of the dungeon, and saw 4 of its levels.

You collected 85 gold pieces.

Inventory:

Hand Weapons
 a - a +2 flail
 g - a +0 dagger
 j - a +0 flail
 l - a +0 mace
 m - a +0 flail
 n - a +0 club
 o - a +3 flail (weapon)
 r - a +0 spear
 w - a +0 vampiric trident
Armour
 b - a +0 robe (worn)
 c - a +0 shield (worn)
Jewellery
 v - a +3 ring of dexterity (left claw)
Scrolls
 e - 4 scrolls of teleportation
 k - a scroll of fog
 p - a scroll of amnesia
 q - a scroll of remove curse {unknown}
 s - a scroll of random uselessness {unknown}
Potions
 d - a potion of might
 h - a potion of ambrosia {unknown}
 i - a potion of haste {unknown}
 t - a potion of curing {unknown}
 u - a potion of flight {unknown}
 x - a potion of heal wounds {unknown}
Comestibles
 f - 5 rations


   Skills:
 + Level 3.3 Fighting
 + Level 3.7 Maces & Flails
 + Level 3.2 Dodging
 + Level 0.3 Stealth
 + Level 3.1 Shields


You had 4 spell levels left.
You didn't know any spells.
Your spell library was empty.

Dungeon Overview and Level Annotations

Branches:
Dungeon (4/15)
 Temple: D:4-7

Altars:
Ashenzari

Annotations:
D:4 Blork the orc


Innate Abilities, Weirdness & Mutations

You are too large for most types of armour.
You have claws for hands.
Your metabolism is lightning-fast.
You like to eat raw meat.
Your natural rate of healing is unusually fast.
You are covered in fur. (AC +1)
You have very tough skin. (AC +2)


Message History

Ijyb zaps a wand.
The puff of flame hits you!
You hit Ijyb but do no damage.
Ijyb is almost dead.
Ijyb zaps a wand.
You block the puff of flame. You block Ijyb's attack.
You closely miss Ijyb.
Ijyb is almost dead.
Ijyb hits you but does no damage.
You sock Ijyb!
You kill Ijyb!
You block the orc's attack. The orc completely misses you.
You closely miss the orc.
Something hits you! x2; You block the orc's attack.
You sock the orc!
You kill the orc!
Something hits you!
* * * LOW HITPOINT WARNING * * *
Something hits you!
* * * LOW HITPOINT WARNING * * *
You see here a leather armour.
You barely miss something. Something hits you!
You die...

... ... #.# #†#
#.# #. #.# # #.
##)# #.# # #.
####..# ..# #.#
#. ##..@.##
#.......
#.##..####
##..#..#....##..#
##......#...#
#####...#.#.#
#.....[.#.#.#
#...#####...#.#
.. #.....#
.........#.#


There were no monsters in sight!

Vanquished Creatures
  An orc priest (D:3)
  2 orc wizards (D:3)
  Ijyb (D:4)
  Terence (D:3)
  7 adders
  2 worms (D:2)
  2 dart slugs (D:3)
  A leopard gecko (D:2)
  8 orcs
  4 bats
  4 giant cockroaches
  6 goblins
  2 hobgoblins
  8 kobolds
  3 frilled lizards
  2 rats
54 creatures vanquished.

Notes
Turn   | Place    | Note
-------+----------+-------------------------------------------
     0 | D:1      | StLion the Troll Fighter began the quest for the Orb.
     0 | D:1      | Reached XP level 1. HP: 22/22 MP: 0/0
   123 | D:1      | Found a shattered altar of Ashenzari.
   220 | D:2      | Reached XP level 2. HP: 20/29 MP: 1/1
   369 | D:2      | Reached XP level 3. HP: 32/36 MP: 2/2
  1308 | D:3      | Reached XP level 4. HP: 42/45 MP: 3/3
  1354 | D:3      | Noticed Terence
  1372 | D:3      | Killed Terence
  1751 | D:3      | Reached XP level 5. HP: 53/53 MP: 4/4
  2095 | D:4      | Noticed Ijyb
  2097 | D:4      | Noticed Blork the orc
  2121 | D:4      | Killed Ijyb
  2125 | D:4      | Slain by Blork the orc

Skill      XL: |  1  2  3  4  5 |
---------------+----------------+-----
Maces & Flails | 2 3 |  3.7
Fighting       | 3 |  3.3
Dodging        | 3 |  3.2
Shields        | 3 |  3.1
Stealth        | |  0.3

Action                   |  1- 3 |  4- 6 || total
-------------------------+-------+-------++-------
Melee: Flail             |    80 |   100 ||   180
  Use: Scroll            |     4 |     4 ||     8
  Eat: Ration            |     2 |     3 ||     5
       Chunk             |     1 |       ||     1
Armor: Robe              |    31 |    23 ||    54
Dodge: Dodged            |    22 |    29 ||    51
Block: Shield            |    34 |    33 ||    67
